 Dungeon Crawl Stone Soup version 0.14-a0-2374-ge879b5e (webtiles) character file.

279 Kae the Firebug (level 4, -1/24 HPs)
             Began as a Tengu Fire Elementalist on Feb 1, 2014.
             Slain by Edmund
             ... wielding a +0,+2 flail of draining
              (12 damage)
             ... on Level 4 of the Dungeon.
             The game lasted 00:04:31 (3281 turns).

Kae the Firebug (Tengu Fire Elementalist)           Turns: 3281, Time: 00:04:31

HP  -1/24        AC  5     Str  8      XL: 4   Next: 78%
MP   0/9         EV 11     Int 17      God:
Gold 177         SH  0     Dex 14      Spells:  1 memorised,  7 levels left

rFire  . . .     SeeInvis +     (no weapon)
rCold  . . .     Clarity  .     a - +0 robe
rNeg   . . .     Conserve .     (no shield)
rPois  .         rCorr    .     (helmet restricted)
rElec  .         rRot     .     D - +2 cloak
SustAb . .       Spirit   .     (no gloves)
rMut   .         Warding  .     (boots unavailable)
Saprov . . .     Stasis   .     (no amulet)
MR     .....                    (no ring)
                                y - ring of see invisible

@: very slightly contaminated, heavily drained, not resistant to hostile
enchantments, unstealthy
A: beak, talons 3
a: no special abilities


You were on level 4 of the Dungeon.
You were very hungry.

You visited 1 branch of the dungeon, and saw 4 of its levels.

You collected 177 gold pieces.

Inventory:

Missiles
 p - a poisoned dart (quivered)
 u - 6 tomahawks
Armour
 a - a +0 robe (worn)
 D - a +2 cloak (worn)
Comestibles
 c - 3 bread rations
 l - a pear
 m - a sausage
 n - an apple
 A - a meat ration
 B - 2 chokos
Scrolls
 d - 2 scrolls of identify
 f - a scroll of immolation
 o - a scroll of random uselessness
 q - a scroll of fog
 w - a scroll of noise {unknown}
 x - 2 scrolls of amnesia {unknown}
Jewellery
 y - a ring of see invisible (left hand)
Potions
 e - a potion of heal wounds {unknown}
 g - a potion of curing
 h - a potion of restore abilities {unknown}
 i - a potion of degeneration {unknown}
 j - a potion of cure mutation {unknown}
 k - 2 potions of agility {unknown}
 r - a potion of speed {unknown}
 s - a potion of confusion {unknown}
 t - 2 potions of beneficial mutation {unknown}
 z - 3 potions of might {unknown}
 C - a potion of brilliance {unknown}
Books
 b - a book of Flames

   Spells                             Type                      Level
   *Flame Tongue                      Conjuration/Fire             1
   Throw Flame                        Conjuration/Fire             2
   Conjure Flame                      Conjuration/Fire             3
   Inner Flame                        Hexes/Fire                   3
   Sticky Flame                       Conjuration/Fire             4
   Fireball                           Conjuration/Fire             5
 v - a book of Power

   Spells                             Type                      Level
   Iskenderun's Mystic Blast          Conjuration                  4
   Venom Bolt                         Conjuration/Poison           5
   Bolt of Magma                      Conjuration/Fire/Earth       5
   Fulminant Prism                    Conjuration/Hexes            5
   Iron Shot                          Conjuration/Earth            6
   Orb of Destruction                 Conjuration                  7


   Skills:
 - Level 2.1(0.5) Dodging
 - Level 2.0(0.4) Stealth
 + Level 2.5(0.9) Spellcasting
 * Level 3.9(2.3) Conjurations
 * Level 4.4(2.7) Fire Magic


You had 7 spell levels left.
You knew the following spells:

 Your Spells              Type           Power        Failure   Level  Hunger
a - Flame Tongue          Conj/Fire      #....        10%         1    ##.....


Dungeon Overview and Level Annotations

Branches:
Dungeon (4/16)
 Temple: D:4-7

Altars:

Annotations:
D:4 Edmund, Sigmund


Innate Abilities, Weirdness & Mutations

You have a beak for a mouth.
You have claws for feet.


Message History

Edmund hits you with a flail of draining.
You feel drained.
Edmund gestures with his flail.
Casting: Flame Tongue
Confirm with . or Enter, or press ? or * to list all spells.
Aiming: Flame Tongue
Press: ? - help, Shift-Dir - straight line, f/p - Edmund
Aim: Edmund, wielding a flail of draining and wearing a ring mail (severely wounded)
The flame hits Edmund.
Edmund is severely wounded.
Edmund barely misses you.
Casting: Flame Tongue
Confirm with . or Enter, or press ? or * to list all spells.
Aiming: Flame Tongue
Press: ? - help, Shift-Dir - straight line, f/p - Edmund
Aim: Edmund, wielding a flail of draining and wearing a ring mail (severely wounded)
The flame misses Edmund.
Edmund hits you with a flail of draining!
Ouch! That really hurt!
You die...

....#.# # ########....#
.####.# #.....# ## #.#####
#.##### #.#...# #.#
####.#.#.# ######### #.#
#......#.#)........# #.#
#......#.# ######.# #.#
#......#.####....#.###.#
#......#.......@.......#
#.>....######.##@..#####
.................>........
####.###################
#.# .


You could see Edmund.

Vanquished Creatures
  2 adders
  An inept item mimic (D:4)
  2 worms (D:3)
  A giant eyeball (D:4)
  A giant gecko (D:1)
  An ooze (D:2)
  An orc (D:4)
  A bat skeleton (D:3)
  2 giant cockroaches
  4 hobgoblins
  4 jackals (D:4)
  2 quokkas (D:2)
  9 bats
  3 giant newts
  13 goblins
  5 kobolds
  A kobold skeleton (D:3)
  A quokka skeleton (D:3)
  9 rats
  A rat skeleton (D:3)
64 creatures vanquished.

Notes
Turn   | Place    | Note
--------------------------------------------------------------
     0 | D:1      | Kae, the Tengu Fire Elementalist, began the quest for the Orb.
     0 | D:1      | Reached XP level 1. HP: 10/10 MP: 3/3
   175 | D:1      | Reached XP level 2. HP: 10/15 MP: 1/5
   760 | D:2      | Reached XP level 3. HP: 19/19 MP: 2/7
   796 | D:2      | Reached skill level 4 in Fire Magic
  2137 | D:3      | Reached XP level 4. HP: 11/24 MP: 0/8
  3230 | D:4      | Noticed Sigmund
  3239 | D:4      | Noticed Edmund
  3281 | D:4      | Slain by Edmund

Action                   |  1- 3 |  4- 6 || total
-------------------------+-------+-------++-------
Melee: Unarmed           |    31 |     3 ||    34
 Cast: Flame Tongue      |    64 |    56 ||   120
  Use: Scroll            |       |     7 ||     7
       Potion            |       |     1 ||     1
